 Dungeon Crawl Stone Soup version 0.32-a0-314-g526f7d4993 (webtiles) character file.

Game seed: 8098493835153985070

1149 senseless the Shield-Bearer (level 8, -1/70 HPs)
             Began as a Mountain Dwarf Fighter on Feb 15, 2024.
             Was a Priest of Dithmenos.
             Slain by a vampire (6 damage)
             ... on level 6 of the Dungeon.
             The game lasted 00:11:08 (4622 turns).

senseless the Shield-Bearer (MDFi)                  Turns: 4622, Time: 00:11:09

Health: -1/70      AC: 16    Str: 21    XL:     8   Next: 15%
Magic:  8/8        EV:  9    Int:  9    God:    Dithmenos [***...]
Gold:   1509       SH: 10    Dex:  9    Spells: 7/7 levels left

rFire   x . .        a - +1 war axe
rCold   + + .        c - +0 buckler
rNeg    . . .        b - +0 ice dragon scales
rPois   .            (no helmet)
rElec   .            u - +0 cloak
rCorr   .            h - +0 pair of gloves
SInv    .            p - +1 pair of boots
Will    .....        q - amulet of reflection Stlth
                     (no ring)
HPRegen 0.31/turn    (no ring)
MPRegen 0.11/turn

%: reflection
@: wreathed by umbra
A: runic magic, artefact enchanting
a: Renounce Religion, Shadow Step


You were on level 6 of the Dungeon.
You worshipped Dithmenos.
Dithmenos was most pleased with you.
You visited 1 branch of the dungeon, and saw 6 of its levels.

You collected 1509 gold pieces.

Inventory:

Hand Weapons
 a - a +1 war axe (weapon)
Armour
 b - +0 ice dragon scales (worn)
 c - a +0 buckler (worn)
 d - a +1 scale mail of fire resistance
 h - a +0 pair of gloves (worn)
 p - a +1 pair of boots (worn)
 u - a +0 cloak (worn)
Jewellery
 m - a ring of ice
 o - a ring of ice
 q - an amulet of reflection (around neck)
Wands
 k - a wand of paralysis (8) (quivered)
Scrolls
 e - 2 scrolls of identify
 i - a scroll of teleportation
 l - a scroll of revelation
Potions
 g - a potion of curing
 j - 3 potions of attraction
 t - a potion of brilliance


   Skills:
 + Level 6.2 Fighting
 + Level 6.2 Axes
 + Level 6.2 Armour
 + Level 6.2 Shields


You had 7 spell levels left.
You didn't know any spells.
Your spell library contained the following spells:

 Spells                   Type           Power      Damage    Failure   Level
 Magic Dart               Conj           0%         1d3       54%         1
 Searing Ray              Conj           0%         2d4       67%         2
 Inner Flame              Hex/Fire       0%         N/A       88%         3
 Flame Wave               Conj/Fire      0%         2d4       99%         4
 Fulminant Prism          Conj/Alch      0%         3d5       99%         4
 Sticky Flame             Fire/Alch      0%         2d4       99%         4


Dungeon Overview and Level Annotations

Branches:
Dungeon (6/15)             Temple (0/1) D:6

Altars:
Dithmenos
Elyvilon
Makhleb
Nemelex Xobeh
Uskayaw
Wu Jian
Xom
Zin


Innate Abilities, Weirdness & Mutations

Your spellcasting is much less encumbered by armour.
You can use scrolls of enchantment on lesser artefacts.


Message History

You barely miss something.
Something hits you but does no damage. x2
You hit something. You barely miss something. Something hits you!
Something bites you but does no damage. Something hits you but does no damage.
You hit something. Dithmenos accepts your kill.
Reactivating autopickup.
You feel a bit more experienced.
You closely miss something. Something hits you but does no damage.
Deactivating autopickup; reactivate with Ctrl-A.
Something bites you.
Something draws strength from your injuries!
Something completely misses you. Something bites you but does no damage.
You hear some strange, mumbled words.
You are confused.
Things that are here:
a +0 dagger; a +0 robe; an orc corpse Unknown command.
You miss something. Something hits you but does no damage.
Something bites you but does no damage. Something hits you.
Something bites you but does no damage. Something hits you but does no damage.
Something bites you but does no damage.
You feel less confused. Something hits you. Something bites you!
Something draws strength from your injuries!
Something hits you but does no damage. Something bites you!
Something draws strength from your injuries!
Something hits you but does no damage. Something bites you!
Something draws strength from your injuries!
You barely miss something. Something hits you but does no damage.
Something bites you but does no damage.
You closely miss something. Something hits you!
* * * LOW HITPOINT WARNING * * *
Something completely misses you.
You barely miss something. Something hits you.
* * * LOW HITPOINT WARNING * * *
Something bites you!
* * * LOW HITPOINT WARNING * * *
Something draws strength from your injuries!
You miss something. Something hits you.
You die...

######..#....##'#####.#####
....... #.....#.# #.#
#####....###.....#.# #.##
................#.# #..##
#.............#.# #...#
##.............#.# ###.#.#
###...#......###.#.#
#.._..#
.....##.#....<##{#.#
#.#.###
.###.##.#.######@#.# #.#.#
#.##.#........#.# #...#
#.##.##########.# ###.#
####.##.# #.#####.#
...#o##.# #.......########
##.#.##.# #.#######.......
.....# #.# #.###### .....#
#########.# #.# .....#
...~~~..#.# #.#


There were no monsters in sight!

Vanquished Creatures
  2 ice beasts
  An ogre (D:5)
  A phantom (D:5)
  4 wights (D:4)
  2 jellies (D:5)
  3 hounds
  An orc priest (D:5)
  Crazy Yiuf (D:5)
  Terence (D:2)
  3 orc wizards (D:6)
  4 adders
  3 gnolls (D:6)
  2 ufetubi (D:5)
  4 dart slugs
  3 ribbon worms
  13 orcs
  8 bats
  3 endoplasms
  3 giant cockroaches
  7 goblins
  10 hobgoblins
  4 jackals (D:2)
  5 quokkas
  4 ball pythons
  A frilled lizard (D:1)
  4 kobolds
  4 rats
101 creatures vanquished.

Vanquished Creatures (others)
  A bombardier beetle (D:4)
1 creature vanquished.

Grand Total: 102 creatures vanquished

Notes
Turn   | Place    | Note
-------+----------+-------------------------------------------
     0 | D:1      | senseless the Mountain Dwarf Fighter began the quest for
                  | the Orb.
     0 | D:1      | Reached XP level 1. HP: 19/19 MP: 1/1
    32 | D:1      | Found a faded altar of an unknown god.
   152 | D:1      | Prayed at the altar of an unknown god.
   152 | D:1      | Became a worshipper of Dithmenos the Shadowed
   152 | D:1      | Reached * piety under Dithmenos
   326 | D:1      | Reached XP level 2. HP: 26/26 MP: 2/2
   741 | D:1      | Reached XP level 3. HP: 31/31 MP: 3/3
   789 | D:2      | Noticed Terence
   796 | D:2      | Killed Terence
   868 | D:2      | Reached XP level 4. HP: 31/40 MP: 4/4
   907 | D:2      | Reached ** piety under Dithmenos
  1917 | D:3      | Reached XP level 5. HP: 46/46 MP: 5/5
  2162 | D:3      | Found an ornate altar of the Wu Jian Council.
  2162 | D:3      | Found a sparkling altar of Nemelex Xobeh.
  2166 | D:3      | Found a burning altar of Makhleb.
  2166 | D:3      | Found a white marble altar of Elyvilon.
  2168 | D:3      | Found a shadowy altar of Dithmenos.
  2168 | D:3      | Found a hide-covered altar of Uskayaw.
  2169 | D:3      | Found a shimmering altar of Xom.
  2345 | D:4      | Identified a scroll of acquirement
  2345 | D:4      | Acquired 1246 gold pieces
  2813 | D:4      | HP: 1/46 [burnt (6)]
  2932 | D:4      | Reached XP level 6. HP: 44/53 MP: 6/6
  3012 | D:4      | Reached skill level 5 in Fighting
  3012 | D:4      | Reached skill level 5 in Armour
  3012 | D:4      | Reached skill level 5 in Shields
  3164 | D:4      | Reached *** piety under Dithmenos
  3231 | D:5      | Entered Level 5 of the Dungeon
  3253 | D:5      | Noticed an ice beast
  3273 | D:5      | Killed an ice beast
  3274 | D:5      | Reached skill level 5 in Axes
  3274 | D:5      | Reached XP level 7. HP: 58/61 MP: 7/7
  3885 | D:5      | Found a runed translucent door.
  3886 | D:5      | Noticed Crazy Yiuf
  4021 | D:5      | Killed Crazy Yiuf
  4312 | D:6      | Noticed a vampire
  4542 | D:6      | Reached XP level 8. HP: 70/70 MP: 8/8
  4552 | D:6      | Found a staircase to the Ecumenical Temple.
  4572 | D:6      | Found a glowing silver altar of Zin.
  4622 | D:6      | Slain by a vampire

Illustrated notes

Levels and vault maps discovered:
D:1:      dpeg_arrival_long_road, layout_loops_ring,
          ebering_ecumenical_altar_hall, minmay_tromino_v2
D:2:      layout_basic, uniq_terence
D:3:      layout_rooms, grunt_temple_overflow_open, minmay_increasing_density
D:4:      layout_basic
D:5:      layout_rooms, minmay_misc_feat_rows, uniq_crazy_yiuf_cottage
D:6:      layout_basic, lemuel_crystal_altar, minmay_temple_entry_mist,
          dreamdust_gnoll_farm

Skill      XL: |  1  2  3  4  5  6  7 |
---------------+----------------------+-----
Axes           | 3 4 5 6 |  6.2
Fighting       | 4 5 6 |  6.2
Armour         | 4 5 6 |  6.2
Shields        | 4 5 6 |  6.2

Action                     |  1- 3 |  4- 6 |  7- 9 || total
---------------------------+-------+-------+-------++-------
  Melee: War axe           |    72 |   195 |   115 ||   382
  Evoke: Wand              |       |       |     1 ||     1
    Use: Potion            |     1 |     1 |     2 ||     4
         Scroll            |       |    11 |     5 ||    16
 Armour: Scale mail        |    44 |    37 |       ||    81
         Ice dragon scales |       |    83 |   123 ||   206
  Dodge: Dodged            |    44 |    81 |    70 ||   195
  Block: Buckler           |    11 |    84 |    79 ||   174
         Reflection        |       |     3 |     2 ||     5

Table legend: (Time is in decaauts)
 A = Elapsed time spent in this place.
 B = Non-inter-level travel time spent in this place.
 C = Inter-level travel time spent in this place.
 D = Time resting spent in this place.
 E = Time spent auto-exploring this place.
 F = Levels seen in this place.
 G = Mean time per level.
                   A        B        C        D        E       F      G
               +--------+--------+--------+--------+--------+-----+--------+
         Total |   4746 |   4580 |    166 |    328 |   3222 |   6 |  791.0 |
       Dungeon |   4746 |   4580 |    166 |    328 |   3222 |   6 |  791.0 |
               +--------+--------+--------+--------+--------+-----+--------+

Top non-repeatable levels by time:
     D:5: 1037 daAuts
     D:2: 947 daAuts
     D:4: 840 daAuts
     D:1: 810 daAuts
     D:3: 718 daAuts
     D:6: 392 daAuts
